 Seeded DCSS version 0.31-a0-819-gf6de2f5ab6 (webtiles) character file.

Game seed: 1 (custom seed)

4748 Danienth the Fighter (level 10, -7/93 HPs)
             Began as a Minotaur Fighter on Sept 23, 2023.
             Was a Priest of Okawaru.
             Mangled by Gastronok (16 damage)
             ... on level 9 of the Dungeon.
             The game lasted 00:36:14 (8414 turns).

Danienth the Fighter (Minotaur Fighter)             Turns: 8414, Time: 00:36:17

Health: -7/93      AC: 10    Str: 22    XL:     10   Next: 23%
Magic:  9/9        EV: 14    Int: 13    God:    Okawaru [***...]
Gold:   508        SH:  5    Dex: 11    Spells: 5/9 levels left

rFire   + . .        m - +1 dagger (vamp)
rCold   + . .        c - +0 buckler
rNeg    . . .        b - +0 scale mail
rPois   +            e - +1 hat
rElec   +            h - scarf {repulsion}
rCorr   +            x - +0 pair of gloves
SInv    .            (no boots)
Will    +....        (no amulet) Stlth
                     s - +6 ring of intelligence
HPRegen 0.35/turn    w - +5 ring of evasion
MPRegen 0.11/turn

%: repel missiles
@: resistant, enlightened, flying
A: horns 2, retaliatory headbutt
a: Renounce Religion, Heroism


You were on level 9 of the Dungeon.
You worshipped Okawaru.
Okawaru was most pleased with you.
You visited 2 branches of the dungeon, and saw 10 of its levels.

You collected 508 gold pieces.

Inventory:

Hand Weapons
 a - a +0 war axe
 f - a +3 dagger of speed
 j - a +5 dagger of draining
 m - a +1 vampiric dagger (weapon)
 t - a +2 hand axe of electrocution
 A - a +0 short sword of distortion
 B - a +2 trident of venom
 D - a +6 heavy hand axe
 G - a +3 battleaxe
Missiles
 k - 17 poisoned darts (quivered)
 F - 4 curare-tipped darts
Armour
 b - a +0 scale mail (worn)
 c - a +0 buckler (worn)
 e - a +1 hat (worn)
 h - a scarf of repulsion (worn)
 x - a +0 pair of gloves (worn)
 C - +0 steam dragon scales
Jewellery
 s - a +6 ring of intelligence (left hand)
 w - a +5 ring of evasion (right hand)
 y - a ring of fire
 E - an amulet of magic regeneration
Scrolls
 n - a scroll of immolation
 p - 4 scrolls of teleportation
 q - 2 scrolls of revelation
 v - a scroll of blinking
Potions
 d - 2 potions of mutation
 l - 2 potions of attraction
 r - a potion of heal wounds
 u - 2 potions of magic
 z - a potion of degeneration
 I - 2 potions of curing {unknown}
Miscellaneous
 i - a phial of floods


   Skills:
 + Level 10.0 Fighting
 - Level 8.1 Short Blades
 * Level 7.6 Axes
 + Level 4.1 Throwing
 - Level 7.2 Armour
 - Level 7.1 Shields


You had 5 spell levels left.
You knew the following spells:

 Your Spells              Type           Power      Damage    Failure   Level
a - Jinxbite              Hex            0%         N/A       78%         2
b - Wereblood             Tmut           0%         N/A       78%         2

Your spell library contained the following spells:

 Spells                   Type           Power      Damage    Failure   Level
 Apportation              Tloc           0%         N/A       65%         1
 Static Discharge         Conj/Air       0%         2-2/arc   78%         2
 Sublimation of Blood     Necr           0%         N/A       78%         2
 Dazzling Flash           Conj/Hex       0%         N/A       95%         3
 Airstrike                Air            0%         2d(0-16)  100%        4
 Agony                    Necr           0%         N/A       100%        5
 Alistair's Intoxication  Tmut/Pois      0%         N/A       100%        5
 Silence                  Hex/Air        0%         N/A       100%        5
 Orb of Destruction       Conj           0%         9d5       100%        7
 Summon Guardian Golem    Hex/Summ       Unusable   N/A       N/A         3
 Summon Lightning Spire   Summ/Air       Unusable   N/A       N/A         4
 Spellforged Servitor     Conj/Summ      Unusable   N/A       N/A         7
 Summon Hydra             Summ           Unusable   N/A       N/A         7

Dungeon Overview and Level Annotations

Branches:
Dungeon (9/15)             Temple (1/1) D:7
   Lair: D:8-11         Orc: D:9-12

Altars:
Ashenzari
Cheibriados
Dithmenos
Elyvilon
Fedhas
Gozag
Hepliaklqana
Kikubaaqudgha
Makhleb
Nemelex Xobeh
Okawaru
Qazlal
Ru
Sif Muna
Trog
Uskayaw
Vehumet
Wu Jian
Xom
Yredelemnul
Zin
The Shining One

Shops:
D:9 =

Annotations:
D:2 1 runed translucent door, Crazy Yiuf
D:9 Gastronok


Innate Abilities, Weirdness & Mutations

You have a pair of horns on your head.
You reflexively headbutt those who attack you in melee.


Message History

You hit Gastronok.
Gastronok is lightly wounded.
Gastronok bites you.
You hit Gastronok but do no damage. You headbutt Gastronok.
Gastronok is lightly wounded.
Gastronok completely misses you.
You slash Gastronok! You headbutt Gastronok.
Gastronok is lightly wounded.
You slash Gastronok!
Gastronok is moderately wounded.
Gastronok bites you!!
You feel protected.
You feel very buoyant.
You fly up into the air.
Gastronok bites you!!
* * * LOW HITPOINT WARNING * * *
You are too injured to fight recklessly!
You feel much better.
You feel a sense of dread.
m - a +1 vampiric dagger (weapon)
Gastronok bites you!!
* * * LOW HITPOINT WARNING * * *
You are too injured to fight recklessly!
Hit: m) +1 dagger (vamp)
Press: ? - help, Dir - move target, f - Gastronok
Aim: Gastronok, wearing a +2 hat (lightly wounded, about 6% to evade your +1 vampiric dagger)
You hit Gastronok but do no damage. You headbutt Gastronok.
Gastronok is moderately wounded.
Hit: m) +1 dagger (vamp)
Press: ? - help, Dir - move target, f/p - Gastronok
Aim: Gastronok, wearing a +2 hat (moderately wounded, about 6% to evade your +1 vampiric dagger)
You hit Gastronok but do no damage. You headbutt Gastronok.
Gastronok is moderately wounded.
Hit: m) +1 dagger (vamp)
Press: ? - help, Dir - move target, f/p - Gastronok
Aim: Gastronok, wearing a +2 hat (moderately wounded, about 6% to evade your +1 vampiric dagger)
You hit Gastronok but do no damage. You headbutt Gastronok!
Gastronok is moderately wounded.
Gastronok bites you!
You die...
Gastronok gurgles, "About time.
I'm starving!"

# #.......# ########......#
.......#......##################
.......#.8......................
.......+......................w.
..#..#...8................w.....
.......#...###########'#########
.........8.......w..............
††##...#....#...@###...#..#..##.
†<..............................
################################


You could see Gastronok.

Vanquished Creatures
  A two-headed ogre (D:9)
  2 unseen horror skeletons (D:9)
  Sigmund (D:2)
  A steam dragon (D:7)
  4 yaks (D:9)
  Menkaure (D:6)
  A water moccasin (D:5)
  2 orc warriors (D:6)
  3 ice beasts
  A black bear (D:5)
  3 ogres (D:7)
  A centaur (D:7)
  A phantom (D:5)
  A scorpion (D:6)
  4 wights (D:9)
  7 killer bees
  2 howler monkeys
  A spectral centaur (D:9)
  An orc priest (D:4)
  7 hounds
  2 jellies
  2 centaur skeletons (D:9)
  4 sleepcaps
  4 iguanas
  2 orc wizards
  9 gnolls
  10 adders
  A shadow imp (D:6)
  An ufetubus (D:5)
  2 worms
  3 dart slugs
  30 orcs
  9 ball pythons
  11 bats
  5 endoplasms
  3 giant cockroaches
  6 goblins
  8 hobgoblins
  6 jackals
  6 kobolds
  4 quokkas
  2 frilled lizards
  4 rats
179 creatures vanquished.

Notes
Turn   | Place    | Note
-------+----------+-------------------------------------------
     0 | D:1      | Danienth the Minotaur Fighter began the quest for the Orb.
     0 | D:1      | Reached XP level 1. HP: 19/19 MP: 0/0
    86 | D:1      | Reached XP level 2. HP: 24/27 MP: 1/1
   217 | D:1      | Found a faded altar of an unknown god.
   266 | D:1      | Reached skill level 4 in Fighting
   361 | D:1      | Reached XP level 3. HP: 33/33 MP: 2/2
  1030 | D:2      | Noticed Sigmund
  1054 | D:2      | Killed Sigmund
  1055 | D:2      | Reached XP level 4. HP: 25/41 MP: 3/3
  1055 | D:2      | Reached XP level 5. HP: 29/47 MP: 4/4
  1553 | D:2      | Found a runed translucent door.
  1554 | D:2      | Noticed Crazy Yiuf
  1625 | D:2      | Found a basalt altar of Yredelemnul.
  2753 | D:3      | Reached XP level 6. HP: 55/55 MP: 5/5
  2822 | D:3      | Reached skill level 5 in Armour
  3166 | D:3      | Reached skill level 5 in Fighting
  3326 | D:3      | Reached skill level 5 in Shields
  3590 | D:4      | Found a hazy altar of Hepliaklqana.
  4302 | D:5      | Entered Level 5 of the Dungeon
  4307 | D:5      | Reached XP level 7. HP: 61/61 MP: 6/6
  4598 | D:5      | Reached skill level 5 in Short Blades
  4766 | D:5      | Reached skill level 6 in Fighting
  4822 | D:5      | Learned a level 2 spell: Jinxbite
  4955 | D:5      | Reached XP level 8. HP: 57/70 MP: 7/7
  5229 | D:5      | Learned a level 2 spell: Wereblood
  5728 | D:6      | Noticed Menkaure
  5756 | D:6      | Killed Menkaure
  5757 | D:6      | Reached skill level 7 in Fighting
  6565 | D:7      | Reached skill level 8 in Fighting
  6565 | D:7      | Reached XP level 9. HP: 58/81 MP: 8/8
  6689 | D:7      | Found a hide-covered altar of Uskayaw.
  6804 | D:7      | Found a staircase to the Ecumenical Temple.
  6818 | Temple   | Entered the Ecumenical Temple
  6866 | Temple   | Became a worshipper of Warmaster Okawaru
  7042 | D:7      | Reached skill level 1 in Throwing
  7167 | D:7      | Found a white marble altar of Elyvilon.
  7489 | D:9      | Reached * piety under Okawaru
  7490 | D:9      | Reached skill level 9 in Fighting
  7495 | D:9      | Reached skill level 5 in Axes
  7755 | D:9      | Found Askyxt's Jewellery Shoppe.
  7834 | D:9      | Noticed a two-headed ogre
  7846 | D:9      | Killed a two-headed ogre
  7846 | D:9      | Reached ** piety under Okawaru
  7874 | D:9      | Reached XP level 10. HP: 84/93 MP: 6/9
  8184 | D:9      | Reached skill level 10 in Fighting
  8335 | D:9      | Reached *** piety under Okawaru
  8371 | D:9      | Noticed Gastronok
  8414 | D:9      | Mangled by Gastronok

Illustrated notes

Levels and vault maps discovered:
D:1:      zelgadis_glass_arrival_small, layout_basic,
          hellmonk_ecumenical_altar_prayer_group,
          chequers_serial_rivers_micro_e, minmay_3d_cube
D:2:      layout_loops_cross, basic_altar, hangedman_feature_mirror,
          dreamdust_princess_corridor, uniq_sigmund, uniq_crazy_yiuf_cottage
D:3:      layout_basic, kennysheep_boxes
D:4:      layout_cave_pools, overflow_temple_1_default, grunt_decor_cap,
          nicolae_twisty_statue_hallways
D:5:      layout_loops_ring
D:6:      layout_loops_ring, uniq_menkaure
D:7:      layout_cave_pools, eat_drink_and_be_merry_uskayaw, elyvilon_altar_1,
          minmay_temple_entry_gardened_gates
D:8:      layout_basic
D:9:      layout_stronghold, serial_shops, nicolae_shop_tiny_real_fake_doors,
          serial_column_ruins, column_ruins_open_small,
          column_ruins_corridor_dead_end, column_ruins_grid_3,
          column_ruins_open_tiny_water, column_ruins_columns_dead_end,
          hangedman_weighted_door, kennysheep_generic_room_11, uniq_gastronok
Temple:   nicolae_temple_bog_church

Skill      XL: |  1  2  3  4  5  6  7  8  9 10 |
---------------+-------------------------------+-----
Armour         | 4 5 6 7 |  7.2
Fighting       | 4 5 6 8 9 10 | 10.0
Axes           | 3 6 7 |  7.6
Shields        | 4 5 6 7 |  7.1
Short Blades   | 2 3 4 5 7 8 |  8.1
Throwing       | 3 4 |  4.1

Action                     |  1- 3 |  4- 6 |  7- 9 | 10-12 || total
---------------------------+-------+-------+-------+-------++-------
  Melee: War axe           |    87 |       |    47 |       ||   134
         Headbutt          |    10 |    30 |    60 |     8 ||   108
         Dagger            |    15 |   203 |   227 |     3 ||   448
         Hand axe          |       |       |    17 |    19 ||    36
  Throw: Dart              |       |     7 |    31 |       ||    38
 Invoke: Heroism           |       |       |     1 |       ||     1
  Evoke: Wand              |       |       |       |     5 ||     5
    Use: Potion            |     1 |       |     2 |     3 ||     6
         Scroll            |       |     7 |    12 |     1 ||    20
 Armour: Scale mail        |    73 |    88 |   140 |    17 ||   318
  Dodge: Dodged            |    41 |    61 |   129 |    12 ||   243
  Block: Buckler           |    24 |    28 |    53 |     7 ||   112

Table legend: (Time is in decaauts)
 A = Elapsed time spent in this place.
 B = Non-inter-level travel time spent in this place.
 C = Inter-level travel time spent in this place.
 D = Time resting spent in this place.
 E = Time spent auto-exploring this place.
 F = Levels seen in this place.
 G = Mean time per level.
                   A        B        C        D        E       F      G
               +--------+--------+--------+--------+--------+-----+--------+
         Total |   8319 |   8077 |    242 |   1722 |   4966 |  10 |  831.9 |
       Dungeon |   8264 |   8034 |    230 |   1722 |   4925 |   9 |  918.2 |
        Temple |     55 |     43 |     12 |      0 |     41 |   1 |   55.0 |
               +--------+--------+--------+--------+--------+-----+--------+

Top non-repeatable levels by time:
     D:3: 1551 daAuts
     D:6: 1203 daAuts
     D:2: 1059 daAuts
     D:7: 941 daAuts
     D:9: 922 daAuts
     D:5: 917 daAuts
     D:1: 915 daAuts
     D:4: 740 daAuts
  Temple: 55 daAuts
     D:8: 10 daAuts
